Cogmind - Beta 16 @@@ ROGUE MODE // 2025.12.15 @ 11:21:21 Player: PE-P51 Result: Destroyed by ZS-I3U(R) with Subdweller Machine Gun Performance ------------- Evolutions (0) 0 Regions Visited (2) 400 Robots Destroyed (17) 85 Value Destroyed (398) 398 Prototype IDs (2) 40 Alien Tech Used (0) 0 Bonus (0) 0 TOTAL SCORE: 923 Bonus ------- None Cogmind --------- Core Integrity 0/250 Matter 283/300 Energy 160/160 System Corruption 0% Temperature Cool (0) Movement Treading (320) Ox2 Location -10/Subcaves Parts ------- > --- POWER (1) -------- Light Nuclear Core > --- PROPULSION (2) --- Light Treads Light Treads > --- UTILITY (2) ------ Huge Storage Unit Makeshift Light Armor Plating > --- WEAPON (2) ------- Light Assault Rifle Light Assault Rifle > --- INVENTORY (25) --- Ion Engine High-capacity Storage Unit High-capacity Matter Pod (180) Signal Interpreter Grenade Launcher Peak State ------------ > --- POWER ------------ Light Nuclear Core > --- PROPULSION ------- Light Treads Light Treads > --- UTILITY ---------- High-capacity Storage Unit Makeshift Light Armor Plating > --- WEAPON ----------- Light Assault Rifle Light Assault Rifle > --- INVENTORY -------- Ion Engine Huge Storage Unit Signal Interpreter Light Assault Rifle Grenade Launcher [Rating: 12] Favorites ----------- Power Ion Engine Engine Ion Engine Power Core Light Nuclear Core Propulsion Light Treads Treads Light Treads Utility High-capacity Storage Unit Device Terrain Scanner Storage High-capacity Storage Unit Protection Makeshift Light Armor Plating Weapon Light Assault Rifle Energy Gun Small Laser Ballistic Gun Light Assault Rifle Launcher Grenade Launcher Build | -11 -10 -10 ------- Run | Yrd Mat Sub Slots Evolved . | . . . Power . | . . . Propulsion . | . . . Utility . | . . . Weapon . | . . . Parts Attached 19 | 7 5 7 Power 3 | 2 1 . Engine 2 | 2 . . Core 1 | . 1 . Reactor . | . . . Propulsion 3 | 2 . 1 Treads 3 | 2 . 1 Leg . | . . . Wheel . | . . . Hover . | . . . Flight . | . . . Utility 6 | 1 3 2 Device 1 | . 1 . Storage 4 | 1 2 1 Processor . | . . . Hackware . | . . . Protection 1 | . . 1 Artifact . | . . . Weapon 7 | 2 1 4 Energy Gun 1 | 1 . . Energy Cannon . | . . . Ballistic Gun 5 | 1 1 3 Ballistic Cannon . | . . . Launcher 1 | . . 1 Special Weapon . | . . . Impact Weapon . | . . . Slashing Weapon . | . . . Piercing Weapon . | . . . Special Melee Weapon . | . . . Unidentified Prototypes . | . . . Parts Lost 2 | . 1 1 Power . | . . . Propulsion . | . . . Utility 1 | . 1 . Weapon 1 | . . 1 Highest Loss Streak 1 | . 1 1 To Critical Strikes . | . . . Average Backups 12 | . 15 5 Power . | . 1 1 Propulsion 4 | . 6 . Utility 3 | . 3 2 Weapon 3 | . 4 2 Tool/Special . | . . . Unused Backups 16 | . 2 14 Power 1 | . . 1 Propulsion 8 | . 2 6 Utility 3 | . . 3 Weapon 4 | . . 4 Tool/Special . | . . . Average Slot Usage (%) 99 | . 99 99 Engine 7 | . 9 . Core 6 | . 4 14 Treads 28 | . 28 28 Device 4 | . 6 . Storage 22 | . 20 26 Energy Gun 2 | . 3 . Ballistic Gun 24 | . 24 24 Launcher 1 | . . 3 Peak Build Rating 12 | 6 11 12 Average Rating 8 | 4 8 9 On Entrance 5 | . 6 11 Avg Prop Armor Cover (%) . | . . . Naked Turns . | . . . Heaviest Build 91 | 13 52 91 Greatest Support 40 | 40 40 40 Greatest Overweight (x) 2 | . 1 2 Average Overweight (x) . | . . 1 Largest Inventory Capacity 25 | 8 20 25 Average Capacity 19 | 6 19 20 Most Carried 20 | 1 20 20 Average Carried 12 | . 15 5 Final Capacity 25 | 8 20 25 Final Carried 20 | 1 20 5 Class Distribution -------------------- 82% | Mutant 17% | Scavenger-Mutant Dominant Class ---------------- Mutant | -10/Materials Scavenger-Mutant | -10/Subcaves Resources | -11 -10 -10 ----------- Run | Yrd Mat Sub Matter Collected 884 | 249 450 185 Remotely . | . . . Salvage Created 553 | . 450 103 Parts 38 | . 34 4 Haulers Intercepted 1 | . 1 . Recyclers Shooed 2 | . 2 . Parts Field Recycled . | . . . Retrieved Matter . | . . . Parts Self-Destructed 12 | . . 12 Prevented . | . . . Parts Restored . | . . . Kills | -11 -10 -10 ------- Run | Yrd Mat Sub Combat Hostiles Destroyed 15 | . 13 2 Guns 15 | . 13 2 Classes Destroyed 5 | . 4 1 Builder 1 | . 1 . Hauler 1 | . 1 . Swarmer 6 | . 6 . Grunt 7 | . 7 . Subdweller 2 | . . 2 Best Kill Streak 3 | . 3 1 Combat Bots Only 3 | . 3 1 Max Kills in Single Turn 1 | . 1 1 Gunslinging . | . . . Exploded . | . . . Melee . | . . . Uniques/NPCs Destroyed . | . . . Combat | -11 -10 -10 -------- Run | Yrd Mat Sub Hostile Shots Fired 83 | . 46 37 Missed 27 | . 18 9 Hits 56 | . 28 28 Projectile 56 | . 28 28 Critical Strikes 1 | . . 1 Damage Taken 873 | . 316 557 Core 253 | . 72 181 Absorbed by Shields . | . . . Core Remaining (%) 100 | 100 . . Volleys Fired 62 | . 38 24 Largest 2 | . 2 2 Hottest 60 | . 60 40 Shots Fired 109 | . 76 33 Gun 109 | . 76 33 Cannon . | . . . Launcher . | . . . Special . | . . . Kinetic 97 | . 64 33 Thermal 12 | . 12 . Explosive . | . . . Electromagnetic . | . . . Robot Hit Streak 14 | . 10 14 Robot Miss Streak 6 | . 6 1 Penetration Max . | . . . Secondary Targets 3 | . 3 . Max Gunslinging Chain 1 | . 1 . Shots Hit Robots 71 | . 42 29 Core Hits 34 | . 25 9 Critical Kills . | . . . Critical Parts Destroyed 1 | . . 1 Critical Strikes 1 | . . 1 Destroy 1 | . . 1 Melee Attacks . | . . . Impact . | . . . Slashing . | . . . Piercing . | . . . Sneak Attacks . | . . . Combat Hostiles . | . . . Follow-up Attacks . | . . . Damage Inflicted 734 | . 487 247 Guns 714 | . 467 247 Cannons . | . . . Explosions . | . . . Melee . | . . . Ramming 20 | . 20 . Kinetic 647 | . 400 247 Thermal 67 | . 67 . Explosive . | . . . Electromagnetic . | . . . Impact . | . . . Slashing . | . . . Piercing . | . . . Highest Corruption . | . . . Average Corruption . | . . . Corruption Purged . | . . . Corruption Blocked . | . . . Overload Shots . | . . . Overflow Damage . | . . . Projectiles . | . . . Explosions . | . . . Melee . | . . . Knockbacks . | . . . Impact . | . . . Kinetic . | . . . Secondary . | . . . Self-Inflicted Damage . | . . . Shots . | . . . Rammed 4 | . 4 . Targets Rammed 4 | . 4 . Kicked . | . . . Crushed . | . . . Highest Temperature 24 | . 24 . Average Temperature 11 | . 11 . Received Heat Transfer 111 | . 93 18 Siege Activations . | . . . Martial Activations . | . . . Shielding Activations . | . . . Robots Disrupted . | . . . Combat Hostiles . | . . . Robots Corrupted . | . . . Combat Hostiles . | . . . Parts Fried . | . . . Impact Corruptions . | . . . Robots Melted . | . . . Combat Hostiles . | . . . Parts Melted . | . . . Heat Transferred 150 | . 150 . Parts Sabotaged . | . . . Parts Stolen . | . . . Parts Stripped . | . . . Power Chain Reactions . | . . . Alert | -11 -10 -10 ------- Run | Yrd Mat Sub Maximum Alert Level . | . . . Low Security (%) 100 | 100 100 . Level 1 . | . . . Level 2 . | . . . Level 3 . | . . . Level 4 . | . . . Level 5 . | . . . High Security . | . . . Max Security . | . . . Peak Influence 95 | . 95 . Initial . | . . . Average 26 | . 27 . Influence Increases 398 | . 398 . Destroy 0b10 Robot/C 260 | . 260 . Destroy 0b10 Robot/NC 10 | . 10 . Destroy Leader 52 | . 52 . Successful Hack 16 | . 16 . Select Force Hacks 60 | . 60 . Influence Decreases 398 | . 394 4 Entered New Map 3 | . . 3 Time Decay 385 | . 384 1 Lost Part 10 | . 10 . Squads Dispatched 2 | . 2 . Investigation 2 | . 2 . Extermination . | . . . Reinforcement . | . . . Assault . | . . . Garrison . | . . . Intercept . | . . . Searches Triggered . | . . . Construction Impeded . | . . . Haulers Reinforced . | . . . Active Scanning Responses . | . . . Cargo Convoy Interrupts . | . . . Stealth | -11 -10 -10 --------- Run | Yrd Mat Sub Distress Signals 1 | . 1 . Communications Jammed . | . . . Distress Signals . | . . . Times Spotted 31 | . 27 4 Peak Tracking Total 3 | . 3 2 Tactical Retreats . | . . . Traps | -11 -10 -10 ------- Run | Yrd Mat Sub Traps Triggered 1 | . 1 . Indirectly . | . . . Trap Hack Attempts . | . . . Triggered . | . . . Disarmed . | . . . Reprogrammed . | . . . Reused . | . . . Traps Extracted . | . . . Installed . | . . . Triggered . | . . . Machines | -11 -10 -10 ---------- Run | Yrd Mat Sub Machines Disabled . | . . . Max in Single Turn . | . . . Machines Repaired . | . . . Machines Dismantled . | . . . Machines Sabotaged . | . . . Overloaded Fab Kills . | . . . Hacking | -11 -10 -10 --------- Run | Yrd Mat Sub Machines Accessed 9 | . 9 . Terminals 7 | . 7 . Fabricators . | . . . Repair Stations . | . . . Recycling Units 2 | . 2 . Scanalyzers . | . . . Garrison Access . | . . . Total Hacks 27 | . 27 . Successful 12 | . 12 . Failed 14 | . 14 . Catastrophic 1 | . 1 . Database Lockouts 1 | . 1 . Manual 10 | . 10 . Terminals 23 | . 23 . Fabricators . | . . . Repair Stations . | . . . Recycling Units 4 | . 4 . Scanalyzers . | . . . Garrison Access . | . . . Terminal Hacks 7 | . 7 . Robot Analysis 2 | . 2 . Prototype ID Bank 1 | . 1 . Emergency Access Points 1 | . 1 . Locate Traps 1 | . 1 . Hauler Manifests 1 | . 1 . Zone Layout 1 | . 1 . Fabricator Hacks . | . . . Repair Station Hacks . | . . . Recycling Unit Hacks 2 | . 2 . Retrieve Components 2 | . 2 . Scanalyzer . | . . . Garrison Access Hacks . | . . . Unauthorized Hacks 3 | . 3 . Terminals 1 | . 1 . Operators 1 | . 1 . Fabricators . | . . . Repair Stations . | . . . Recycling Units 2 | . 2 . Tunnel 2 | . 2 . Scanalyzers . | . . . Garrison Access . | . . . Data Cores Recovered . | . . . Used . | . . . Hacking Detections 9 | . 9 . Full Trace Events . | . . . Feedback Events . | . . . Feedback Blocked . | . . . Robot Schematics Acquired . | . . . Robots Built . | . . . Authchips . | . . . Time . | . . . Total Robot Build Rating . | . . . Part Schematics Acquired . | . . . Parts Built . | . . . Authchips . | . . . Time . | . . . Total Part Build Rating . | . . . Part Studies Acquired . | . . . Parts Repaired . | . . . Time . | . . . Parts Recycled . | . . . Recycled Matter . | . . . Retrieved Matter . | . . . Retrieved Components 16 | . 16 . Parts Scanalyzed . | . . . Part Schematics Acquired . | . . . Parts Damaged . | . . . Bothacking | -11 -10 -10 ------------ Run | Yrd Mat Sub Used RIF Installer . | . . . Robots Hacked . | . . . Non-combat . | . . . Combat . | . . . Robot Hacks Applied . | . . . Relay Couplers Released . | . . . Fabnet Peak Effective % . | . . . Robots Rewired . | . . . Allies Hacked . | . . . Hacks Repelled . | . . . Allies | -11 -10 -10 -------- Run | Yrd Mat Sub Total Allies . | . . . Largest Group . | . . . Highest-Rated Group . | . . . Highest-Rated Ally . | . . . Total Orders . | . . . Ally Attacks . | . . . Total Damage . | . . . Kills . | . . . Allies Corrupted . | . . . Allies Melted . | . . . Intel | -11 -10 -10 ------- Run | Yrd Mat Sub Active Infowar (turns) 1015 | . 1015 . Terrain 1015 | . 1015 . Robot Analysis Total 2 | . 2 . Derelict Logs Recovered . | . . . Drone Launches . | . . . Drone Recoveries . | . . . Exploration | -11 -10 -10 ------------- Run | Yrd Mat Sub Turns Passed 2984 | 81 2106 797 Spaces Moved 1158 | 47 812 299 Core 3 | 3 . . Treads 1155 | 44 812 299 Legs . | . . . Wheels . | . . . Hover . | . . . Flight . | . . . Fastest Speed 50 | 50 160 160 Average Speed 236 | 152 238 243 Slowest Speed 320 | 160 240 320 Overloaded Moves . | . . . Propulsion Burnouts . | . . . Robots Hopped . | . . . Potential Cave-ins . | . . . Cave-ins Triggered . | . . . Exploration Rate (%) 42 | 4 100 23 Regions Visited 2 Branch Regions 1 Pre-discovered Areas 2 | . 2 . Known Exits Taken . | . . . Unknown Exits Taken 2 | 1 1 . Scrap Searched . | . . . Spaces Dug . | . . . Terrain Destroyed . | . . . Melee . | . . . Projectile . | . . . AOE . | . . . Terrain Rammed . | . . . Walls Destroyed . | . . . Machines Disabled . | . . . Actions | -11 -10 -10 --------- Run | Yrd Mat Sub Total 1303 | 53 907 343 Wait 19 | . 18 1 Move 1156 | 46 811 299 Hop . | . . . Pick Up 29 | . 24 5 Fast Attach 9 | 6 2 1 Attach 2 | . 1 1 Detach 1 | . 1 . Swap 9 | 1 2 6 Drop 12 | . 6 6 Fire 62 | . 38 24 Melee . | . . . Ram . | . . . Kick . | . . . Crush 4 | . 4 . Escape Stasis . | . . . Rewire . | . . . Trap . | . . . Miscellaneous . | . . . Route ------- -11/Scrapyard -10/Materials (discovered 5 exits: [*Mat x3] / [*Min] / [*Sub]) -10/Subcaves History --------- Turn | Location | Event 34 | -11/Scrapyard | Discovered new exit (range 15) 82 | -11/Scrapyard | Entered Materials 301 | -10/Materials | Build established: Mutant 553 | -10/Materials | Central database locked down 604 | -10/Materials | Discovered new exit (range 6) 931 | -10/Materials | Discovered new exit (range 16) 1763 | -10/Materials | Discovered new exit (range 14) 1950 | -10/Materials | Discovered new exit (range 12) 2176 | -10/Materials | Discovered new exit (range 6) 2188 | -10/Materials | Entered Subcaves 2460 | -10/Subcaves | Core integrity fell below 50% 2772 | -10/Subcaves | Build established: Scavenger-Mutant 2873 | -10/Subcaves | Shifting Twisted Machinery released Mak. Light Armor Plating 2927 | -10/Subcaves | Shifting Twisted Machinery released Mak. Sword 2957 | -10/Subcaves | Core integrity fell below 20% 2985 | -10/Subcaves | Destroyed by ZS-I3U(R) with Subdweller Machine Gun Last Messages --------------- 02229_ Dropped Lgt. Treads. 02232_ Extracted 124 matter. 02236_ Acquired Hcp. Storage Unit. 02240_ Extracted 10 matter. 02250_ Dropped Assault Rifle. 02250_ Acquired Signal Interpreter. 02256_ Subatomizers dissect the Lgt. Treads. 02430_ Y-45 Defender destroyed. 02436_ Lgt. Treads fries itself beyond repair. 02467_ TZ-NIN(R) suffers critical hit (Destroy). 02467_ Destroyed Disposable Heat Sink. 02472_ TZ-NIN(R) destroyed. 02477_ Acquired 31 matter. Mak. Light Armor Plating falls loose from the Twisted Machinery. 02895_ Acquired Mak. Light Armor Plating. 02896_ Extracted 10 matter. 02898_ Acquired Hcp. Matter Pod. Mak. Sword falls loose from the Twisted Machinery. 02966_ RD-3K4(R) destroyed. 02983_ Lgt. Assault Rifle destroyed. Map ----- +----------------------------------------------------+ | ?????? ## #???????????? | | ????? ### ## ##???????????? | | ???? ##?# ## ##???????????? | | ??? ## ##??# ### #???????????? | | ??? ### #???? ## ## #???????????? | | ??? ?# #???? ## #???????????? | | ????? ? ???? ##???????????? | | ??????? ? ??????# ## #????????????? | | ??????? ?? ???????### #?# #????????????? | | ?????????#??????????????# ##### ##???????????? | | ????????????????????????#### ## #???????????? | | ?????????????????????????## ## #???????????? | | ?????????????????????????# #???????????? | | ????????????????##?#????## "#???????????? | | ?????????????? ## # ??## "#???????????? | | ?????????????? ## ##" "#???????????? | | ?????????????? # ####"##???????????? | | ????????????????????# #??###????????????? | | ????????????????????## #?????????????????? | | ?????????????????##??## ###??# #????????????? | | ?????????????????# ??## #???# ?????????????? | | ?????????????????# ### ##?# "????????????? | | ??????????????????# ##"" #????????????? | | ??????????????????## """ #?????????????? | | ???????????????????## """ #?????????????? | | ????????????????????## @R #?????????????? | | ?????????????????????###### ######?????????????? | | ??????????????????????????#&""#??????????????????? | | ??????????????????????????##/&#??????????????????? | | ?????????????????????????? %* #?????????????????? | | ???????????????????????? #?????????????????? | | ??????????????????????# #????????????????? | | ????????????????????? #???????????????? | | ??????????????????? #??????????????? | | ????????????????? #??????????????? | | ????????????????# ## ##??????????????? | | ????????????????##### #?## ##???????????????? | | ????????????????????## ???? #????????????????? | | ?????????????????????## ???? #????????????????? | | ??????????????????????# ????? ????????????????? | | ?????????????????????? ????? ????????????????? | | ?????????????????????? ?????? ????????????????? | | ????????????????????????????? ##????????????????? | | ????????????????????????????? #??????????????????? | | ?????????????????????????????????????????????????? | | ?????????????????????????????????????????????????? | | ?????????????????????????????????????????????????? | | ?????????????????????????????????????????????????? | | ?????????????????????????????????????????????????? | | ?????????????????????????????????????????????????? | +----------------------------------------------------+ Best States ------------- Heat Dissipation 25 Energy Generation 14 Energy Capacity 250 Matter Stores 500 Matter Capacity 500 Sight Range 16 Terrain Scan Range 14 Terrain Scan Density 10 Armor Coverage 100 Evasion (%) 40 Recoil Reduction 2 Item Schematics ----------------- None Robot Schematics ------------------ None Fabricated ------------ Nothing Repaired ---------- Nothing Studied --------- None Alien Tech Used ----------------- None Achievements -------------- None Challenges ------------ None Game ------ Seed SuperquantumPointyClaymores Manual? 0 Play Time 00:11:05 Cumulative 180.6 hours Start 2025.12.15 @ 11:08:44 End 2025.12.15 @ 11:21:21 Sessions 1 Manual Loads 0 Difficulty Rogue Special Mode None Game No. 269 Rogue 269 Adventurer 0 Explorer 0 Win Type - Total 1 Types 1/0/0/0/0/0/0/0/0/0 Lore% 61 Gallery% 58 Achievement% 50 Wizard Run 0 Options --------- Layout 0 ASCII 0 Keyboard 0 Movement Numpad Keybinds 0 Fullscreen 1 Font 24/Smallcaps Map View 76x50 Zoom Use 0% Tactical HUD 1 Map Filters NONE Filters NONE Steam 1 RUN: 51d06f9e-311e-46fc-84f7-3ea829f04652